 Dungeon Crawl Stone Soup version 0.16.2-2-g470672f (webtiles) character file.

688 monobi the Skirmisher (level 7, -2/64 HPs)
             Began as a Minotaur Fighter on Sept 4, 2015.
             Slain by a gnoll
             ... wielding a +0 halberd
              (8 damage)
             ... on level 6 of the Dungeon.
             The game lasted 00:10:57 (3743 turns).

monobi the Skirmisher (Minotaur Fighter)            Turns: 3743, Time: 00:10:58

Health: -2/64      AC: 10    Str: 27    XL:     7   Next: 36%
Magic:  3/3        EV:  7    Int:  5    God:
Gold:   155        SH: 11    Dex: 10    Spells: 0 memorised, 6 levels left

rFire  . . .     SeeInvis .     a - +0 war axe
rCold  . . .     Clarity  .     k - +0 chain mail
rNeg   . . .     SustAb   .     c - +1 shield
rPois  .         Gourm    .     (helmet restricted)
rElec  .         Spirit   .     (no cloak)
rCorr  .         Warding  .     (no gloves)
rMut   .         Stasis   .     (no boots)
MR     .....                    (no amulet)
Stlth  ..........               (no ring)
                                (no ring)

@: mighty, not resistant to hostile enchantments, extremely unstealthy
A: retaliatory headbutt, horns 2
a: no special abilities


You were on level 6 of the Dungeon.
You were hungry.

You visited 1 branch of the dungeon, and saw 6 of its levels.

You collected 155 gold pieces.

Inventory:

Hand weapons
 a - a +0 war axe (weapon)
 j - a -1 spear
 m - a +1 hand axe of freezing
Armour
 c - a +1 shield (worn)
 k - a +0 chain mail (worn)
Magical devices
 u - a wand of digging (7)
Scrolls
 b - a scroll of enchant weapon {unknown}
 d - a scroll of enchant armour
 i - 3 scrolls of recharging
 q - a scroll of blinking
 r - a scroll of teleportation
 w - 3 scrolls of identify
 y - a scroll of remove curse
Potions
 e - a potion of might
 f - 2 potions of mutation {unknown}
 h - 2 potions of restore abilities {unknown}
 l - 4 potions of brilliance
 v - a potion of heal wounds {unknown}
Books
 p - a book of Beasts

   Spells                             Type                      Level
   a - Summon Butterflies             Summoning                    1
   b - Call Canine Familiar           Summoning                    3
   c - Summon Ice Beast               Ice/Summoning                4
   d - Summon Mana Viper              Hexes/Summoning              5
   e - Monstrous Menagerie            Summoning                    6
   f - Summon Hydra                   Summoning                    7
 t - a book of Battle

   Spells                             Type                      Level
   a - Infusion                       Charms                       1
   b - Shroud of Golubria             Charms/Translocation         2
   c - Song of Slaying                Charms                       2
   d - Spectral Weapon                Hexes/Charms                 3
   e - Regeneration                   Charms/Necromancy            3
Comestibles
 n - 3 meat rations
 o - a royal jelly
 s - 4 fruits


   Skills:
 * Level 6.5 Fighting
 * Level 5.2 Axes
 + Level 6.3 Armour
 - Level 1.5 Dodging
 - Level 4.8 Shields


You had 6 spell levels left.
You didn't know any spells.

Dungeon Overview and Level Annotations

Branches:
Dungeon (6/15)
 Temple: D:4-7

Altars:
Fedhas
Zin
The Shining One


Innate Abilities, Weirdness & Mutations

You reflexively headbutt those who attack you in melee.
You have a pair of horns on your head.


Message History

You kill the gnoll!
The gnoll closely misses you.
The gnoll shouts!
You block the gnoll's attack. The gnoll barely misses you.
The gnoll barely misses you.
A gnoll comes into view. It is wielding a whip.
You see here a spear.
The gnoll shouts!
You slash the gnoll! You headbutt the gnoll.
You kill the gnoll!
The gnoll moves out of view.
You block the gnoll's attack.
The gnoll hits you from afar with a halberd.
* * * LOW HITPOINT WARNING * * *
Drink which item? (? for menu, Esc to quit)
You feel better.
The gnoll sergeant hits you but does no damage.
The gnoll hits you from afar with a halberd.
* * * LOW HITPOINT WARNING * * *
The gnoll hits you from afar with a halberd!
You die...

######.####.#######
.......†.†..........
≈≈≈≈≈....≈≈≈≈≈≈≈≈≈≈
≈≈≈≈≈....≈≈≈≈≈≈≈≈≈≈
≈≈≈≈≈....≈≈≈≈≈≈≈≈≈≈
..................
#####''''########
###...g#######
..'..gg)@))..+
###..gg#######
##'g## ..... .......
......g .....g ###++


You could see a gnoll sergeant and 5 gnolls.

Vanquished Creatures
  An ogre (D:5)
  A centaur (D:5)
  The ghost of Appriser the Shooter, a weakling HEHu (D:3)
  A hound (D:4)
  2 gnoll shamans (D:6)
  4 worker ants
  An iguana (D:5)
  2 hound skeletons
  11 gnolls
  5 adders
  A giant mite (D:4)
  A worm (D:2)
  2 adder zombies (D:5)
  An adder skeleton (D:4)
  2 giant geckos
  An orc (D:4)
  2 ball pythons
  2 giant cockroaches (D:4)
  12 goblins
  6 hobgoblins
  4 jackals (D:6)
  4 quokkas
  9 bats
  A giant gecko skeleton (D:5)
  5 giant newts
  10 kobolds
  9 rats
101 creatures vanquished.

Notes
Turn   | Place    | Note
--------------------------------------------------------------
     0 | D:1      | monobi, the Minotaur Fighter, began the quest for the Orb.
     0 | D:1      | Reached XP level 1. HP: 19/19 MP: 1/1
   612 | D:1      | Reached skill level 4 in Fighting
   612 | D:1      | Reached XP level 2. HP: 24/27 MP: 1/1
  1085 | D:2      | Reached XP level 3. HP: 33/33 MP: 2/2
  1446 | D:3      | Found a glowing silver altar of Zin.
  1671 | D:3      | Noticed Appriser's ghost (weakling HEHu)
  1732 | D:3      | Killed Appriser's ghost
  1732 | D:3      | Reached skill level 5 in Fighting
  1732 | D:3      | Reached XP level 4. HP: 16/42 MP: 2/2
  1960 | D:3      | Found a glowing golden altar of the Shining One.
  2010 | D:3      | Reached skill level 1 in Dodging
  2093 | D:4      | Reached XP level 5. HP: 17/48 MP: 2/2
  2996 | D:5      | Entered Level 5 of the Dungeon
  3076 | D:5      | Reached skill level 5 in Armour
  3076 | D:5      | Reached XP level 6. HP: 46/56 MP: 3/3
  3379 | D:5      | Noticed an ogre
  3387 | D:5      | Killed an ogre
  3396 | D:5      | Noticed a centaur
  3397 | D:5      | Found a blossoming altar of Fedhas.
  3408 | D:5      | Killed a centaur
  3408 | D:5      | Reached skill level 6 in Fighting
  3501 | D:5      | Reached XP level 7. HP: 61/63 MP: 3/3
  3705 | D:6      | Reached skill level 5 in Axes
  3743 | D:6      | Slain by a gnoll

Action                   |  1- 3 |  4- 6 |  7- 9 || total
-------------------------+-------+-------+-------++-------
Melee: War axe           |    33 |   108 |    44 ||   185
       Spear             |   156 |    52 |       ||   208
  Use: Scroll            |     5 |     4 |       ||     9
       Potion            |       |       |     6 ||     6
  Eat: Bread ration      |     1 |     1 |       ||     2
